 Dungeon Crawl Stone Soup version 0.22-a0-879-g615c57abe7 (webtiles) character file.

15 Bapho the Skirmisher (level 2, 0/26 HPs)
             Began as a Draconian Monk on July 30, 2018.
             Slain by a jackal (2 damage)
             ... on level 1 of the Dungeon.
             The game lasted 00:00:35 (101 turns).

Bapho the Skirmisher (Draconian Monk)                Turns: 101, Time: 00:00:35

Health: 0/26       AC:  4    Str: 13    XL:     2   Next: 34%
Magic:  2/2        EV: 13    Int: 10    God:
Gold:   14         SH:  0    Dex: 13    Spells: 1/1 levels left

rFire    . . .     SeeInvis .   a - +0 falchion
rCold    . . .     Gourm    .   (no shield)
rNeg     . . .     Faith    .   (armour unavailable)
rPois    .         Spirit   .   (helmet restricted)
rElec    .         Reflect  .   (no cloak)
rCorr    .         Harm     .   (no gloves)
MR       .....                  (no boots)
Stlth    ++........             (no amulet)
HPRegen  0.08/turn              (no ring)
MPRegen  0.08/turn              (no ring)

@: no status effects
A: unfitting armour, cold-blooded, AC +4
a: no special abilities


You were on level 1 of the Dungeon.
You were not hungry.

You visited 1 branch of the dungeon, and saw 1 of its levels.

You collected 14 gold pieces.

Inventory:

Hand Weapons
 a - a +0 falchion (weapon)
Potions
 c - 2 potions of mutation {unknown}
Comestibles
 b - a ration


   Skills:
 + Level 3.5 Fighting
 + Level 3.1 Long Blades
 + Level 3.2 Dodging
 + Level 1.8 Stealth


You had one spell level left.
You didn't know any spells.
Your spell library was empty.

Dungeon Overview and Level Annotations

Branches:
Dungeon (1/15)

Altars:


Innate Abilities, Weirdness & Mutations

Your plain brown scales are hard. (AC +4)
You cannot fit into any form of body armour.
You are cold-blooded and may be slowed by cold attacks.


Message History

The bat hits you but does no damage.
You hit the bat.
You kill the bat!
The jackal bites you.
* * * LOW HITPOINT WARNING * * *
You closely miss the jackal.
The jackal is lightly wounded.
The jackal closely misses you. The jackal barely misses you.
You riposte.
You hit the jackal.
The jackal is moderately wounded.
You barely miss the jackal.
You tail-slap the jackal, but do no damage.
The jackal is moderately wounded.
The jackal closely misses you.
The jackal bites you but does no damage.
The jackal barely misses you. The jackal closely misses you.
The jackal bites you.
* * * LOW HITPOINT WARNING * * *
The jackal bites you.
You die...

........###...?...#
..................# ....
+#................# .....
..................###....# ..
....................#.... ...
.........#.............###...
.............................
......$......hh............#
.......##.r.hhh@..........###
....... #†#...h..##....#.....
....... #)#≈≈≈≈≈≈≈≈≈≈.≈≈≈≈≈≈≈
......# #.#≈######♣##'##♣####
....r..hh#≈# #≈ #'# ≈#
....#..h.≈# ##8##.##8## ..
#....≈# +.........+ .....≈#
###8#'#8### ......≈#
#♣##'##♣#


You could see 6 jackals and a rat.

Vanquished Creatures
  A bat zombie (D:1)
  A giant cockroach (D:1)
  2 goblins (D:1)
  2 hobgoblins (D:1)
  2 jackals (D:1)
  A bat (D:1)
  3 frilled lizards (D:1)
  A giant cockroach zombie (D:1)
  A kobold (D:1)
14 creatures vanquished.

Notes
Turn   | Place    | Note
-------+----------+-------------------------------------------
     0 | D:1      | Bapho the Draconian Monk began the quest for the Orb.
     0 | D:1      | Reached XP level 1. HP: 19/19 MP: 1/1
    74 | D:1      | Reached XP level 2. HP: 15/26 MP: 2/2
   101 | D:1      | Slain by a jackal

Vault maps used:
D:1:      saegor_arrival_fortress

Skill      XL: |  1 |
---------------+----+-----
Dodging        | 3 |  3.2
Fighting       | |  3.5
Long Blades    | |  3.1
Stealth        | |  1.8

Action                   || total
-------------------------++-------
Melee: Falchion          ||    39
       Tailslap          ||     7
Armor: Skin              ||    20
Dodge: Dodged            ||    59
       Rpst.: Falchion   ||    16

Table legend:
 A = Spawn XP
 B = Non-spawn XP
 C = Spawn XP percentage of total XP
 D = Spawn monster count
 E = Non-spawn monster count
 F = Spawn count percentage of total count
 G = Total turns spent on level
                    A         B        C        D         E        F      G
               +---------+---------+-------+---------+---------+-------+---------
         Total |       0 |      22 |   0.0 |       0 |      14 |   0.0 |   101
               +---------+---------+-------+---------+---------+-------+---------
           D:1 |       0 |      22 |   0.0 |       0 |      14 |   0.0 |   101
               +---------+---------+-------+---------+---------+-------+---------
